 Dungeon Crawl Stone Soup version 0.25.1-8-g42b30a86e7 (webtiles) character file.

Game seed: 8253739815439482739

75 Clowwww the Skirmisher (level 4, 0/40 HPs)
             Began as a Hill Orc Fighter on Dec 13, 2020.
             Killed by divine providence
             ... invoked by an orc priest
              (13 damage)
             ... on level 3 of the Dungeon.
             The game lasted 00:03:43 (1802 turns).

Clowwww the Skirmisher (Hill Orc Fighter)           Turns: 1802, Time: 00:03:44

Health: 0/40       AC:  7    Str: 19    XL:     4   Next: 31%
Magic:  4/4        EV:  7    Int:  8    God:
Gold:   166        SH:  9    Dex: 10    Spells: 3/3 levels left

rFire    . . .     SeeInvis .   a - +0 war axe
rCold    . . .     Gourm    .   c - +0 kite shield
rNeg     . . .     Faith    .   b - +0 scale mail
rPois    .         Spirit   .   (no helmet)
rElec    .         Reflect  .   (no cloak)
rCorr    .         Harm     .   (no gloves)
MR       .....                  (no boots)
Stlth    ..........             (no amulet)
HPRegen  0.13/turn              (no ring)
MPRegen  0.09/turn              (no ring)

@: mighty
A: no striking features
a: Convert to Beogh


You were on level 3 of the Dungeon.
You were not hungry.

You visited 1 branch of the dungeon, and saw 3 of its levels.

You collected 166 gold pieces.

Inventory:

Hand Weapons
 a - a +0 war axe (weapon)
Missiles
 h - 2 boomerangs (quivered)
Armour
 b - a +0 scale mail (worn)
 c - a +0 kite shield (worn)
Scrolls
 e - a scroll of remove curse {unknown}
 g - 2 scrolls of teleportation {unknown}
 k - 2 scrolls of fear {unknown}
 m - a scroll of identify {unknown}
 n - 2 scrolls of amnesia {unknown}
 q - a scroll of magic mapping {unknown}
 r - 2 scrolls of immolation {unknown}
Potions
 i - a potion of invisibility {unknown}
 j - 4 potions of flight {unknown}
 l - a potion of curing {unknown}
 o - a potion of berserk rage {unknown}
 p - a potion of haste {unknown}
Comestibles
 f - 7 rations


   Skills:
 + Level 3.9 Fighting
 + Level 3.6 Axes
 + Level 1.2 Throwing
 + Level 3.8 Armour
 + Level 0.2 Stealth
 + Level 3.8 Shields


You had 3 spell levels left.
You didn't know any spells.
Your spell library was empty.

Dungeon Overview and Level Annotations

Branches:
Dungeon (3/15)

Altars:


Message History

The orc completely misses you. The orc hits you.
You hit the orc but do no damage.
The orc is almost dead.
You block the orc's attack.
You hit the orc.
You kill the orc!
You feel very mighty all of a sudden. You block the orc's attack.
You closely miss the orc. The orc closely misses you.
You slash the orc!
You kill the orc!
You block the orc's attack.
Your shield and scale mail prevent you from hitting the orc.
The orc hits you.
You hit the orc.
The orc is heavily wounded.
The orc hits you but does no damage.
The orc priest mumbles some strange prayers to Beogh against you.
Beogh smites you!
You die... ... .## #### ... ....... ..##..... ..#.#.. ......... ..# ..... ....... #..#. owo

##..... #. ...... #o# ##..(...
#. ####......# #o# #..#...# #.
#....#.#...##@# #.##...# #. ...
#.# #..#.####.###..# .. #.#
#.####.............#
..###<###.#..............#.#
>...........##...####.#..#.# #
#..>#.###.####.#.####.#....#8#.#
..........###..#.##............#
............................###
............#...........##.##


You could see an orc priest, a dart slug and 3 orcs.

Vanquished Creatures
  An adder (D:2)
  An ooze (D:2)
  A worm (D:2)
  3 leopard geckos
  2 orcs (D:3)
  A ball python (D:1)
  2 giant cockroaches
  6 hobgoblins
  5 jackals
  A quokka (D:2)
  11 bats
  5 frilled lizards
  4 goblins
  7 kobolds
  4 rats
54 creatures vanquished.

Vanquished Creatures (others)
  5 toadstools (D:1)
5 creatures vanquished.

Grand Total: 59 creatures vanquished

Notes
Turn   | Place    | Note
-------+----------+-------------------------------------------
     0 | D:1      | Clowwww the Hill Orc Fighter began the quest for the Orb.
     0 | D:1      | Reached XP level 1. HP: 19/19 MP: 1/1
   138 | D:1      | Reached XP level 2. HP: 22/27 MP: 2/2
   652 | D:1      | Reached XP level 3. HP: 31/33 MP: 3/3
  1168 | D:2      | Reached skill level 1 in Throwing
  1171 | D:2      | Reached XP level 4. HP: 39/40 MP: 4/4
  1802 | D:3      | Killed from afar by an orc priest

Illustrated notes

Levels and vault maps discovered:
D:1:      ldierk_walled_garden, layout_loops_ring
D:2:      layout_basic, serial_forest, infiniplex_forest_end_2,
          infiniplex_forest_straight_5, infiniplex_forest_lined_1,
          infiniplex_forest_lined_room_2, infiniplex_forest_clump_C,
          infiniplex_forest_clump_cross, minmay_indecisive_spiral
D:3:      layout_rooms, grunt_temple_overflow_cloverleaf, lemuel_statue_altar

Skill      XL: |  1  2  3 |
---------------+----------+-----
Axes           | 3 |  3.6
Throwing       | 1 |  1.2
Fighting       | |  3.9
Armour         | |  3.8
Stealth        | |  0.2
Shields        | |  3.8

Action                   |  1- 3 |  4- 6 || total
-------------------------+-------+-------++-------
Melee: War axe           |   102 |    52 ||   154
Throw: Boomerang         |    33 |     3 ||    36
  Use: Potion            |       |     1 ||     1
  Eat: Chunk             |     1 |     2 ||     3
Armor: Scale mail        |    52 |    18 ||    70
Dodge: Dodged            |    39 |    19 ||    58
Block: Kite shield       |    70 |    21 ||    91
